 Dungeon Crawl Stone Soup version 0.14-a0-3154-g428849b (console) character file.

148 yrew the Caller (level 3, -2/19 HPs)
             Began as a Tengu Summoner on Mar 9, 2014.
             Slain by an adder (4 damage)
             ... on Level 2 of the Dungeon.
             The game lasted 00:25:52 (1414 turns).

yrew the Caller (Tengu Summoner)                    Turns: 1414, Time: 00:25:52

HP  -2/19        AC  4     Str  9      XL: 3   Next:  8%
MP   6/7         EV 12     Int 15      God:
Gold 122         SH  7     Dex 14      Spells:  2 memorised,  3 levels left

rFire  . . .     SeeInvis .     g - +0 short sword
rCold  . . .     Clarity  +     a - +0 robe
rNeg   + . .     Conserve .     y - +0 buckler
rPois  +         rCorr    .     (helmet restricted)
rElec  .         rRot     .     (no cloak)
SustAb . .       Spirit   .     k - +1 pair of gloves
rMut   .         Warding  .     (boots unavailable)
Saprov . . .     Stasis   .     v - amulet of faith
MR     .....                    (no ring)
                                s - ring of positive energy

@: lethally poisoned, not resistant to hostile enchantments, fairly stealthy
A: beak, talons 3, clarity, poison resistance, slow healing 1
a: no special abilities


You were on level 2 of the Dungeon.
You were very hungry.

You visited 1 branch of the dungeon, and saw 2 of its levels.

You collected 122 gold pieces.

Inventory:

Hand weapons
 g - a +0,+0 short sword (weapon)
 p - a +0,+0 dagger
 t - a +1,+2 cutlass
Missiles
 h - 32 darts (quivered)
 j - 17 stones
 r - 13 poisoned needles
Armour
 a - a +0 robe (worn)
 k - a +1 pair of gloves (worn)
 l - a +2 leather armour
 y - a +0 buckler (worn)
Comestibles
 c - a bread ration
 i - an apple
 m - a meat ration
Scrolls
 d - a scroll of remove curse
 e - 2 scrolls of teleportation
 n - 2 scrolls of enchant armour
 o - 2 scrolls of identify
 q - a scroll of fog
 u - a scroll of enchant weapon I {unknown}
Jewellery
 s - a ring of positive energy (left hand)
 v - an amulet of faith (around neck)
Books
 b - a book of Callings

   Spells                             Type                      Level
   *Summon Small Mammal               Summoning                    1
   *Call Imp                          Summoning                    2
   Call Canine Familiar               Summoning                    3
   Summon Guardian Golem              Hexes/Summoning              4
   Summon Lightning Spire             Summoning/Air                4
   Summon Ice Beast                   Ice/Summoning                4


   Skills:
 + Level 0.2 Fighting
 * Level 0.2 Short Blades
 * Level 2.8 Dodging
 + Level 2.1 Stealth
 * Level 2.0 Spellcasting
 - Level 5.3 Summonings


You had 3 spell levels left.
You knew the following spells:

 Your Spells              Type           Power        Failure   Level  Hunger
a - Summon Small Mammal   Summ           ###.         3%          1    #......
b - Call Imp              Summ           ###.......   6%          2    ###....


Dungeon Overview and Level Annotations

Branches:
Dungeon (2/16)

Altars:


Innate Abilities, Weirdness & Mutations

You have a beak for a mouth.
You have claws for feet.
You possess an exceptional clarity of mind.
Your system is resistant to poisons.
You heal slowly when monsters are visible.


Message History

You feel sick. The adder bites you but does no damage.
Your rat barely misses the adder.
The adder bites you.
* * * LOW HITPOINT WARNING * * *
Drink which item? (? for menu, Esc to quit)
Okay, then.
Read which item? (? for menu, Esc to quit)
Okay, then.
You barely miss the adder. You peck the adder.
The adder is severely wounded.
Your rat bites the adder but does no damage.
The adder bites you.
* * * LOW HITPOINT WARNING * * *
You are more poisoned.
The adder poisons you!
Drink which item? (? for menu, Esc to quit)
You feel extremely strange.
Your natural healing is weakened.
You feel healthy.
Your thoughts seem clearer.
* * * LOW HITPOINT WARNING * * *
You feel sick. The adder bites you.
You die...

..8... # #?.....
.#(......
####.#...>...... .....
......$..... #.<.
#((......... #
#...##.8.....8.. .#
#...#(S.......###.#.#
#.....@r............S
#....#######......#
####.###...#......#...
#...........(........
#.#.###...#...#......
#.#.# #####...#...##
###.#.# ######..#
#...#.## #..#
##......# #..#


You could see an adder and a friendly rat.

Vanquished Creatures
  A giant gecko (D:2)
  A bat (D:1)
  3 giant cockroaches (D:1)
  A goblin (D:2)
  2 hobgoblins (D:1)
  2 jackals (D:2)
  A kobold (D:1)
  3 giant newts (D:1)
  3 rats
17 creatures vanquished.

Vanquished Creatures (collateral kills)
  A giant cockroach (D:1)
  2 goblins
  A kobold (D:1)
  A giant newt (D:1)
5 creatures vanquished.

Grand Total: 22 creatures vanquished

Notes
Turn   | Place    | Note
--------------------------------------------------------------
     0 | D:1      | yrew, the Tengu Summoner, began the quest for the Orb.
     0 | D:1      | Reached XP level 1. HP: 10/10 MP: 3/3
   329 | D:1      | Reached skill level 5 in Summonings
   544 | D:1      | Reached XP level 2. HP: 15/15 MP: 3/5
   557 | D:1      | Learned a level 2 spell: Call Imp
  1255 | D:2      | Reached XP level 3. HP: 19/19 MP: 7/7
  1414 | D:2      | Gained mutation: You heal slowly when monsters are visible. [potion of mutation]
  1414 | D:2      | Gained mutation: Your system is resistant to poisons. [potion of mutation]
  1414 | D:2      | Gained mutation: You possess an exceptional clarity of mind. [potion of mutation]
  1414 | D:2      | Slain by an adder

Action                   || total
-------------------------++-------
Melee: Short sword       ||    48
       Unarmed           ||     5
Throw: Stone             ||     8
       Dart              ||    41
 Cast: Summon Small Mamm ||    10
  Use: Scroll            ||     8
       Potion            ||     3
